 Dungeon Crawl Stone Soup version 0.28.0 (webtiles) character file.

Game seed: 715764588011211831

85744 Morbidden the Destroyer (level 15, -3/112 HPs)
             Began as a Demonspawn Conjurer on Feb 7, 2022.
             Was a High Priest of Vehumet.
             Slain by a caustic shrike simulacrum (18 damage)
             ... in an ice cave.
             The game lasted 01:32:00 (41578 turns).

Morbidden the Destroyer (Demonspawn Conjurer)      Turns: 41578, Time: 01:32:00

Health: -3/112     AC: 19    Str: 10    XL:     15   Next: 38%
Magic:  38/40      EV: 11    Int: 36    God:    Vehumet [*****.]
Gold:   816        SH: 10    Dex: 24    Spells: 16/39 levels left

rFire   x . .      SeeInvis +   a - +4 dagger "Morg" {pain, Will+ Int+5}
rCold   + + .      Faith    .   N - +1 kite shield {rC+}
rNeg    . . .      Spirit   .   L - +4 scale mail "Nuoluoc" {Int+3 Dex+2 Slay+3 SInv}
rPois   +          Reflect  .   M - +0 hat "Ymis Dozaiwk" {Str+2 Int+3 Slay+2}
rElec   .          Harm     .   t - +0 cloak
rCorr   .          Rampage  .   (gloves unavailable)
Will    ++++.      Rage     50% Q - +2 pair of boots of Sophism {rPois}
Stlth   +++.......              W - necklace of Bloodlust {*Rage Will++ Int-3 Slay+6}
HPRegen 0.28/turn               b - ring of Qukuigiet {Ice MP+9 Str-3 Dex+9 Stlth+}
MPRegen 0.27/turn               u - ring "Ykucs" {rPois Int+6}

@: mighty
A: claws 3, thin metallic scales 2, powered by pain 1, demonic magic 1
a: Renounce Religion


You were in an ice cave.
You worshipped Vehumet.
Vehumet was extremely pleased with you.
You visited 4 branches of the dungeon, and saw 23 of its levels.
You also visited: Sewer, Bailey, Gauntlet and Ice Cave.

You collected 2361 gold pieces.
You spent 1545 gold pieces at shops.

Inventory:

Hand Weapons
 a - the +4 dagger "Morg" (weapon) {pain, Will+ Int+5}
   (You found it on level 3 of the Dungeon)

   In the hands of one skilled in necromantic magic, it inflicts extra damage on
   living creatures.
   Int:       It affects your intelligence (+5).
   Will:      It increases your willpower.
 F - a +1 vorpal long sword
Missiles
 w - 4 throwing nets (quivered)
 O - 12 silver javelins
Armour
 t - a +0 cloak (worn)
 G - the +0 leather armour "Uleygg" {Rampage rC+ Will+}
   (You found it in a bailey)

   rC:        It protects you from cold.
   Rampage:   It bestows one free step when moving towards enemies.
   Will:      It increases your willpower.
 L - the +4 scale mail "Nuoluoc" (worn) {Int+3 Dex+2 Slay+3 SInv}
   (You bought it in a shop on level 8 of the Dungeon)

   Int:       It affects your intelligence (+3).
   Dex:       It affects your dexterity (+2).
   Slay:      It affects your accuracy & damage with ranged weapons and melee
   (+3).
   SInv:      It lets you see invisible.
 M - the +0 hat "Ymis Dozaiwk" (worn) {Str+2 Int+3 Slay+2}
   (You found it in a Gauntlet)

   Str:       It affects your strength (+2).
   Int:       It affects your intelligence (+3).
   Slay:      It affects your accuracy & damage with ranged weapons and melee
   (+2).
 N - a +1 kite shield of cold resistance (worn)
 Q - the +2 pair of boots of Sophism (worn) {rPois}
   (You found it in a Gauntlet)

   rPois:     It protects you from poison.
Jewellery
 b - the ring of Qukuigiet (left claw) {Ice MP+9 Str-3 Dex+9 Stlth+}
   (You found it in a Gauntlet)

   [ring of ice]

   It enhances your ice magic.
   Str:       It affects your strength (-3).
   Dex:       It affects your dexterity (+9).
   rF:        It makes you vulnerable to fire.
   rC:        It protects you from cold.
   MP:        It affects your magic capacity (+9).
   Stlth:     It makes you more stealthy.
 d - a ring of fire
 q - a ring of protection from fire
 u - the ring "Ykucs" (right claw) {rPois Int+6}
   (You took it off a minotaur in a Gauntlet)

   [ring of intelligence]

   Int:       It affects your intelligence (+6).
   rPois:     It protects you from poison.
 I - a ring of poison resistance
 W - the necklace of Bloodlust (around neck) {*Rage Will++ Int-3 Slay+6}
   (You bought it in a shop on level 2 of the Orcish Mines)

   [amulet of nothing]

   It extends the wearer's berserk rage when killing foes.
   Int:       It affects your intelligence (-3).
   Slay:      It affects your accuracy & damage with ranged weapons and melee
   (+6).
   *Rage:     It berserks you when you make melee attacks (+50% chance).
   Will:      It greatly increases your willpower.
Wands
 r - a wand of charming (20)
 s - a wand of polymorph (3)
 x - a wand of iceblast (22)
 y - a wand of mindburst (18)
 E - a wand of flame (20)
 T - a wand of paralysis (2)
Scrolls
 c - a scroll of blinking
 f - a scroll of silence
 g - 5 scrolls of identify
 h - 2 scrolls of teleportation
 k - a scroll of immolation
 m - 2 scrolls of noise
 n - a scroll of vulnerability
 p - 2 scrolls of amnesia
 v - 2 scrolls of brand weapon
 H - 3 scrolls of enchant weapon
 J - a scroll of holy word
 R - a scroll of fog
Potions
 e - 9 potions of curing
 i - 2 potions of might
 j - 3 potions of attraction
 l - 2 potions of invisibility
 o - 3 potions of flight
 z - 4 potions of mutation
 A - a potion of ambrosia {unknown}
 B - a potion of berserk rage
 D - 5 potions of brilliance
 K - 4 potions of lignification {unknown}
 S - a potion of magic
 U - a potion of resistance
 V - a potion of haste


   Skills:
 * Level 8.9 Fighting
 * Level 7.9 Short Blades
 + Level 0.1 Throwing
 + Level 5.8 Armour
 * Level 8.5 Dodging
 + Level 6.2 Stealth
 + Level 0.9 Unarmed Combat
 * Level 12.6 Spellcasting
 * Level 12.9 Conjurations
 * Level 6.2 Translocations
 * Level 8.4 Fire Magic
 * Level 4.4 Earth Magic


You had 16 spell levels left.
You knew the following spells:

 Your Spells              Type           Power      Damage    Failure   Level
a - Stone Arrow           Conj/Erth      100%       3d13      1%          3
b - Iskenderun's Mystic   Conj/Tloc      75%        2d15      1%          4
c - Flame Wave            Conj/Fire      79%        2d14      1%          4
d - Sticky Flame          Conj/Fire      79%        2d9       1%          4
e - Searing Ray           Conj           100%       2d8       1%          2
f - Iron Shot             Conj/Erth      35%        9d7       36%         6

Your spell library contained the following spells:

 Spells                   Type           Power      Damage    Failure   Level
 Ozocubu's Refrigeration  Ice            17%        4d8       100%        7
 Foxfire                  Conj/Fire      100%       2x1d9     1%          1
 Magic Dart               Conj           100%       1d8       1%          1
 Conjure Flame            Conj/Fire      79%        6-21      1%          3
 Dazzling Flash           Conj/Hex       100%       N/A       2%          3
 Inner Flame              Hex/Fire       52%        N/A       5%          3
 Fulminant Prism          Conj/Hex       31%        3d16      7%          4
 Ignite Poison            Fire/Tmut/Pois 42%        N/A       10%         3
 Irradiate                Conj/Tmut      31%        3d23      17%         5
 Portal Projectile        Hex/Tloc       90%        N/A       30%         3
 Beastly Appendage        Tmut           44%        N/A       36%         1
 Slow                     Hex            88%        N/A       36%         1
 Summon Small Mammal      Summ           88%        N/A       36%         1
 Lee's Rapid Deconstruct  Erth           26%        3d15*     36%         5
 Sublimation of Blood     Necr           22%        N/A       50%         2
 Wereblood                Tmut           22%        N/A       50%         2
 Call Canine Familiar     Summ           22%        N/A       73%         3
 Confusing Touch          Hex            22%        N/A       73%         3
 Spider Form              Tmut/Pois      22%        N/A       73%         3
 Summon Guardian Golem    Hex/Summ       22%        N/A       73%         3
 Tukima's Dance           Hex            22%        N/A       73%         3
 Vampiric Draining        Necr           22%        2d7       73%         3
 Leda's Liquefaction      Hex/Erth       19%        N/A       82%         4
 Petrify                  Tmut/Erth      38%        N/A       82%         4
 Anguish                  Hex/Necr       11%        N/A       98%         4
 Animate Dead             Necr           11%        N/A       98%         4
 Cause Fear               Hex            11%        N/A       98%         4
 Enfeeble                 Hex            11%        N/A       100%        7
 Haunt                    Necr/Summ      11%        N/A       100%        7
 Discord                  Hex            11%        N/A       100%        8
 Infestation              Necr           11%        N/A       100%        8


Dungeon Overview and Level Annotations

Branches:
Dungeon (14/15)            Temple (1/1) D:7            Lair (6/6) D:9
 Shoals (0/4) Lair:4        Snake (0/4) Lair:4        Slime (0/5) Lair:5
    Orc (2/2) D:9             Elf (0/3) Orc:2         Sewer (visited)
 Bailey (visited)           IceCv (1/1)             Gauntlet (visited)
 Vaults: D:13-14

Altars:
Ashenzari
Cheibriados
Dithmenos
Elyvilon
Fedhas
Gozag
Hepliaklqana
Kikubaaqudgha
Makhleb
Nemelex Xobeh
Okawaru
Qazlal
Ru
Sif Muna
Trog
Uskayaw
Vehumet
Wu Jian
Xom
Yredelemnul
Zin
The Shining One
Beogh
Jiyva

Shops:
D:2 (   D:5 *   D:8 (*?[   Orc:2 [!([=

Annotations:
D:6 Pikel
D:8 3 runed translucent doors, hatiphnatus's ghost, novice HOFE
D:13 Rupert
Lair:4 3 runed translucent doors, exclusion: oklob plant, mn3067's ghost, journeyman GrEE
Lair:5 1 transporter, exclusion: oklob plant, Mumum's ghost, journeyman DrFE
Lair:6 exclusion: obsidian statue


Innate Abilities, Weirdness & Mutations

You have claws for hands.
You are mostly covered in thin metallic scales. (AC +3)
You sometimes gain a little power by taking damage.
Spells you cast may paralyse adjacent enemies.


Message History

The freezing wraith is almost destroyed.
The flame wave engulfs the freezing wraith!!
The freezing wraith is burned terribly!
The freezing wraith is almost destroyed.
The freezing wraith hits you!
* * * LOW HITPOINT WARNING * * *
The freezing wraith freezes you. You resist.
* * * LOW HITPOINT WARNING * * *
The freezing wraith hits you!
* * * LOW HITPOINT WARNING * * *
The freezing wraith drains your vigour!
You feel yourself slow down.
Unknown command.
The necromancer casts a spell.
The necromancer binds the souls of nearby monsters.
The caustic shrike simulacrum is no longer paralysed.
The necromancer gestures wildly while chanting.
The necromancer binds the souls of nearby monsters.
You block the freezing wraith's attack. x2
You feel yourself speed up.
Casting: Flame Wave (mildly dangerous; 1% risk of failure)
Confirm with . or Enter, or press ? or * to list all spells.
You erupt in a blast of force!
The mystic blast hits the necromancer!!
The necromancer is heavily wounded.
The necromancer is knocked back by the mystic blast.
The mystic blast hits the caustic shrike simulacrum but does no damage.
The caustic shrike simulacrum is heavily damaged.
The mystic blast hits the freezing wraith!
The freezing wraith is almost destroyed.
The freezing wraith is knocked back by the mystic blast.
The mystic blast hits the freezing wraith!!
You destroy the freezing wraith!
Vehumet accepts your kill.
You feel your power returning. Malevolent energies surge around you.
The caustic shrike simulacrum claws you.
* * * LOW HITPOINT WARNING * * *
The caustic shrike simulacrum freezes you.
You resist.
* * * LOW HITPOINT WARNING * * *
The caustic shrike simulacrum claws you!!
You die...

##.Z.#..#
##W##pZ#
###.W##
##W.######
#.p## #..#
##..###..#
##..#8..##
##.W....#
#.Z@...##
#.......##
#........#
##.......#
#.....##...
##.....# ..#
#.....## .#
#...###..##
##.####.#ยง#


You could see 2 freezing wraiths, a necromancer and a caustic shrike simulacrum.

Vanquished Creatures
  Kirke (Lair:6)
  An orc warlord (Orc:2)
  A minotaur (Gauntlet)
  4 dire elephants
  An ettin (Orc:1)
  Josephine (Orc:1)
  4 boulder beetles
  Harold (Orc:1)
  Erolcha (D:12)
  5 two-headed ogres
  7 hydras
  An orc high priest (Orc:1)
  Urug (Lair:5)
  2 spectral death yaks (Lair:6)
  A wretched star (Gauntlet)
  4 skeletal warriors (D:13)
  A spectral anaconda (Lair:6)
  An orc knight (Orc:1)
  3 bog bodies (IceCv)
  A lindwurm (Lair:4)
  3 necromancers (Lair:6)
  3 ugly things (D:14)
  2 orc sorcerers (Orc:2)
  2 manticores
  2 dire elephant zombies (Lair:6)
  3 cyclopes
  17 elephants
  Maurice (D:8)
  A gargoyle (Bailey)
  7 black mambas
  9 cane toads
  3 kobold demonologists
  An unseen horror (D:10)
  8 komodo dragons
  6 rime drakes
  8 freezing wraiths (IceCv)
  2 ice devils (IceCv)
  3 entropy weaver simulacra (IceCv)
  2 anaconda simulacra (IceCv)
  3 trolls
  3 polar bears (Lair:5)
  Grinder (D:5)
  A hornet (D:9)
  9 slime creatures
  A snapping turtle (Lair:4)
  13 blink frogs
  2 spectral elephants (Lair:6)
  2 vampires
  A shadow (D:11)
  10 wyverns
  3 hogs (Lair:6)
  35 yaks
  7 wraiths
  2 dire elephant simulacra (IceCv)
  9 basilisks
  6 vampire mosquitoes
  A spectral cane toad (Lair:6)
  Edmund (D:6)
  3 acid dragons
  5 wargs
  2 harpy simulacra (IceCv)
  3 nagas (Lair:4)
  11 water moccasins
  A sky beast (D:5)
  A hornet zombie (D:8)
  A necrophage (D:6)
  An elephant zombie (Lair:6)
  40 orc warriors
  5 alligator simulacra (IceCv)
  2 ice beasts (D:6)
  11 ogres
  20 wolves
  3 elephant skeletons (Lair:6)
  8 centaurs
  2 lemures
  3 phantoms
  2 scorpions (D:6)
  A wyvern zombie (D:7)
  13 bullfrogs
  A cane toad simulacrum (Lair:6)
  2 small abominations (Gauntlet)
  A wyvern skeleton (D:7)
  2 water moccasin skeletons
  An elephant simulacrum (Lair:6)
  A lindwurm simulacrum (IceCv)
  6 killer bees (D:7)
  5 howler monkeys
  10 vampire bats (Bailey)
  9 wights
  6 wolf zombies (Bailey)
  12 electric eels
  A lava snake (Lair:5)
  2 jellies
  5 centaur zombies
  28 orc priests
  2 hounds
  Crazy Yiuf (D:5)
  A centaur skeleton (D:7)
  4 hell rats (Lair:6)
  2 iguanas
  31 orc wizards
  2 killer bee zombies (D:7)
  A howler monkey zombie (D:9)
  6 adders
  A shadow imp (D:6)
  6 white imps
  3 ufetubi
  4 worms
  2 dart slugs
  138 orcs
  12 ball pythons
  4 bats
  9 endoplasms
  19 giant cockroaches
  12 goblins
  9 hobgoblins
  7 jackals
  8 kobolds
  23 quokkas
  15 frilled lizards
  22 orc zombies (Bailey)
  3 rats
  5 bushes
817 creatures vanquished.

Vanquished Creatures (collateral kills)
  A black bear (D:5)
  An orc priest (D:5)
2 creatures vanquished.

Vanquished Creatures (others)
  An orc (D:7)
  A bush (Lair:6)
  56 fungi
  65 plants
  30 withered plants (Lair:6)
153 creatures vanquished.

Grand Total: 972 creatures vanquished

Notes
Turn   | Place    | Note
-------+----------+-------------------------------------------
     0 | D:1      | Morbidden the Demonspawn Conjurer began the quest for the
                  | Orb.
     0 | D:1      | Reached XP level 1. HP: 13/13 MP: 3/3
   440 | D:1      | Gained mutation: You are partially covered in thin metallic
                  | scales. (AC +2) [demonic ancestry]
   440 | D:1      | Reached XP level 2. HP: 19/19 MP: 3/5
  1070 | D:1      | Gained mutation: You have sharp fingernails. [demonic
                  | ancestry]
  1070 | D:1      | Reached XP level 3. HP: 24/24 MP: 2/6
  1239 | D:1      | Found a faded altar of an unknown god.
  1518 | D:1      | Learned a level 2 spell: Searing Ray
  2200 | D:2      | Found Faari's Antique Weapon Shop.
  2848 | D:3      | Reached skill level 5 in Conjurations
  2848 | D:3      | Gained mutation: You are mostly covered in thin metallic
                  | scales. (AC +3) [demonic ancestry]
  2848 | D:3      | Reached XP level 4. HP: 31/31 MP: 1/7
  2947 | D:3      | Noticed a water moccasin
  2982 | D:3      | Found the +4 dagger "Morg" {pain, Will+ Int+5}
  2995 | D:3      | Reached skill level 1 in Fighting
  3107 | D:3      | Killed a water moccasin
  3108 | D:3      | Gained mutation: You have very sharp fingernails. [demonic
                  | ancestry]
  3108 | D:3      | Reached XP level 5. HP: 8/38 MP: 7/9
  3160 | D:3      | Found a glowing drain.
  3167 | Sewer    | Entered a sewer
  3178 | Sewer    | HP: 1/38 [frozen (4)]
  3366 | Sewer    | Learned a level 4 spell: Flame Wave
  3969 | Sewer    | Reached XP level 6. HP: 44/44 MP: 7/10
  5506 | D:4      | Reached skill level 1 in Fire Magic
  5506 | D:4      | Gained mutation: You have claws for hands. [demonic
                  | ancestry]
  5506 | D:4      | Reached XP level 7. HP: 51/51 MP: 7/12
  6062 | D:5      | Entered Level 5 of the Dungeon
  6097 | D:5      | Found Tupaala's Gadget Gallery.
  6436 | D:5      | Noticed Grinder
  6446 | D:5      | Paralysed by Grinder for 3 turns
  6469 | D:5      | Killed Grinder
  6480 | D:5      | Reached skill level 5 in Spellcasting
  6480 | D:5      | Gained mutation: Spells you cast may paralyse adjacent
                  | enemies. [demonic ancestry]
  6480 | D:5      | Reached XP level 8. HP: 22/58 MP: 3/15
  6863 | D:5      | Found a runed translucent door.
  6864 | D:5      | Noticed Crazy Yiuf
  6898 | D:5      | Found a blossoming altar of Fedhas.
  7256 | D:5      | Killed Crazy Yiuf
  7724 | D:6      | Noticed Edmund
  7738 | D:6      | Killed Edmund
  7739 | D:6      | Reached skill level 1 in Short Blades
  8371 | D:6      | Reached XP level 9. HP: 64/64 MP: 10/18
  9037 | D:6      | Noticed Pikel
 11550 | D:8      | Noticed Maurice
 11836 | D:8      | Killed Maurice
 11910 | D:8      | Gained mutation: You sometimes gain a little power by
                  | taking damage. [demonic ancestry]
 11910 | D:8      | Reached XP level 10. HP: 72/73 MP: 16/21
 12402 | D:8      | Learned a level 4 spell: Sticky Flame
 12446 | D:8      | Found Jesegair's General Store.
 12557 | D:8      | Found Dedapracw's Assorted Antiques.
 12558 | D:8      | Found Ismul's Antique Weapon Emporium.
 12562 | D:8      | Found Xywkef's Magic Scroll Emporium.
 12573 | D:8      | Bought a scroll of teleportation for 39 gold pieces
 12748 | D:8      | Found a runed translucent gate.
 12748 | D:8      | Found a runed translucent gate.
 12748 | D:8      | Found a runed translucent gate.
 12751 | D:8      | Noticed hatiphnatus's ghost (novice HOFE)
 13012 | D:8      | Found Irowniuf's Superior Scales.
 13194 | D:9      | Noticed a boulder beetle
 13435 | D:9      | Found a flagged portal.
 13527 | Bailey   | Entered a bailey
 14123 | Bailey   | Noticed a gargoyle
 14137 | Bailey   | Killed a gargoyle
 14307 | Bailey   | Reached skill level 5 in Fighting
 14731 | Bailey   | Identified the +3 dagger "Omaituf" {freeze, Will+ rCorr
                  | Str-5}
 14738 | Bailey   | Identified the +0 leather armour "Uleygg" {Rampage rC+
                  | Will+}
 14824 | Bailey   | Identified the +3 leather armour "Bicilidu" {Will- Str+4
                  | Int+3}
 14825 | Bailey   | Identified the +0 glaive of Kiduss {flame, rC+}
 15050 | D:10     | Entered Level 10 of the Dungeon
 16073 | D:9      | Reached skill level 5 in Dodging
 16580 | D:7      | Reached skill level 1 in Armour
 17129 | D:7      | Reached XP level 11. HP: 78/80 MP: 14/23
 17203 | D:7      | Found a staircase to the Ecumenical Temple.
 17284 | Temple   | Entered the Ecumenical Temple
 17506 | Temple   | Became a worshipper of Vehumet
 18070 | D:9      | Found a staircase to the Orcish Mines.
 19088 | D:11     | Noticed a boulder beetle
 19168 | D:9      | Reached * piety under Vehumet
 19168 | D:9      | Offered knowledge of Shock by Vehumet.
 19216 | D:9      | Learned a level 4 spell: Iskenderun's Mystic Blast
 19454 | D:11     | Killed a boulder beetle
 19454 | D:11     | Noticed a five-headed hydra
 19497 | D:11     | Reached skill level 5 in Stealth
 19611 | D:11     | Got the Tome of the Rocks
 19679 | D:11     | Killed a five-headed hydra
 19680 | D:11     | Reached skill level 10 in Conjurations
 19915 | D:11     | Reached skill level 5 in Fire Magic
 20791 | D:11     | Identified the +8 flail "Beast's Demise" {holy, Drain rElec
                  | MP+9}
 21019 | D:12     | Noticed a two-headed ogre
 21023 | D:12     | Noticed a sun demon
 21025 | D:12     | Killed a two-headed ogre
 21050 | D:12     | Reached skill level 5 in Short Blades
 21427 | D:8      | Bought the +4 scale mail "Nuoluoc" {Int+3 Dex+2 Slay+3
                  | SInv} for 699 gold pieces
 21959 | D:12     | Noticed Erolcha
 21990 | D:12     | Killed Erolcha
 22699 | D:12     | Reached XP level 12. HP: 70/88 MP: 3/25
 22920 | D:12     | Noticed a two-headed ogre
 22925 | D:12     | Killed a two-headed ogre
 23461 | D:12     | Noticed a two-headed ogre
 23473 | D:12     | HP: 3/88 [two-headed ogre (11)]
 23477 | D:12     | Killed a two-headed ogre
 23934 | D:12     | Reached skill level 1 in Translocations
 24098 | D:13     | Noticed a two-headed ogre
 24110 | D:13     | Killed a two-headed ogre
 24275 | D:13     | Reached skill level 10 in Spellcasting
 24651 | D:9      | Found a staircase to the Lair.
 24924 | D:9      | Killed a boulder beetle
 24970 | Lair:1   | Entered Level 1 of the Lair of Beasts
 25010 | Lair:1   | Reached ** piety under Vehumet
 25010 | Lair:1   | Offered knowledge of Sandblast by Vehumet.
 25177 | Lair:1   | Found a gate leading to a gauntlet.
 25186 | Gauntlet | Entered a Gauntlet
 25186 | Gauntlet | Found a transporter.
 25371 | Gauntlet | Found a transporter.
 25387 | Gauntlet | Found a transporter.
 25391 | Gauntlet | Found a transporter.
 25410 | Gauntlet | Found a transporter.
 25420 | Gauntlet | Found the +3 salamander hide armour {Flames rF++ rC--}
 25423 | Gauntlet | Found a transporter.
 25436 | Gauntlet | Found a transporter.
 25449 | Gauntlet | Noticed a hell beast
 25456 | Gauntlet | Found a transporter.
 25460 | Gauntlet | Found a transporter.
 25468 | Gauntlet | Found a transporter.
 25489 | Gauntlet | Found a transporter.
 25496 | Gauntlet | Found a transporter.
 25564 | Gauntlet | Identified the ring of Qukuigiet {Ice MP+9 Str-3 Dex+9
                  | Stlth+}
 25580 | Gauntlet | Identified the +0 hat "Ymis Dozaiwk" {Str+2 Int+3 Slay+2}
 25944 | Gauntlet | Identified the +6 battleaxe of Qazlal's Indignation {speed,
                  | Str+4 Int+2}
 25944 | Gauntlet | Identified the ring "Ykucs" {rPois Int+6}
 25944 | Gauntlet | Noticed a minotaur
 25951 | Gauntlet | Killed a minotaur
 26225 | Gauntlet | Identified the +2 pair of boots of Sophism {rPois}
 26465 | Lair:1   | Identified the +4 rapier of Extinguishment {pain, *Slow
                  | rPois Will+}
 28415 | Lair:3   | Found a hide-covered altar of Uskayaw.
 28415 | Lair:3   | Found an ornate altar of the Wu Jian Council.
 28416 | Lair:3   | Noticed a boulder beetle
 28641 | Lair:3   | Offered knowledge of Frozen Ramparts by Vehumet.
 28737 | Lair:3   | Reached XP level 13. HP: 96/96 MP: 27/27
 28935 | Lair:3   | Reached *** piety under Vehumet
 29687 | Lair:4   | Offered knowledge of Hailstorm by Vehumet.
 30163 | Lair:4   | Found a runed translucent gate.
 30163 | Lair:4   | Found a runed translucent gate.
 30163 | Lair:4   | Found a runed translucent gate.
 30166 | Lair:4   | Noticed mn3067's ghost (journeyman GrEE)
 30620 | Lair:4   | Found a staircase to the Snake Pit.
 30932 | Lair:4   | Found a staircase to the Shoals.
 31871 | Lair:5   | Learned a level 3 spell: Stone Arrow
 31968 | Lair:5   | Found a viscous altar of Jiyva.
 31968 | Lair:5   | Found a staircase to the Slime Pits.
 32021 | Lair:5   | Reached skill level 5 in Armour
 32139 | Lair:5   | Noticed Urug
 32179 | Lair:5   | Reached skill level 1 in Earth Magic
 32482 | Lair:5   | Found a transporter.
 32508 | Lair:5   | Killed Urug
 32767 | Lair:5   | Reached **** piety under Vehumet
 32772 | Lair:5   | Offered knowledge of Lightning Bolt by Vehumet.
 32882 | Lair:5   | Reached XP level 14. HP: 105/105 MP: 22/29
 32953 | Lair:5   | Learned a level 6 spell: Iron Shot
 33151 | Lair:5   | Found a transporter.
 33222 | Lair:5   | Noticed Mumum's ghost (journeyman DrFE)
 33260 | Lair:6   | Entered Level 6 of the Lair of Beasts
 34301 | Lair:6   | Noticed Kirke
 34414 | Lair:6   | Killed Kirke
 34941 | Lair:6   | Reached skill level 5 in Translocations
 35192 | Lair:6   | Reached ***** piety under Vehumet
 35569 | Lair:6   | Offered knowledge of Starburst by Vehumet.
 36925 | Orc:1    | Entered Level 1 of the Orcish Mines
 36925 | Orc:1    | You fall into a shaft and drop 1 floor!
 36925 | Orc:2    | Entered Level 2 of the Orcish Mines
 37371 | Orc:2    | Found Rusuemad's Armour Emporium.
 37449 | Orc:1    | Noticed Josephine
 37465 | Orc:1    | Killed Josephine
 37833 | Orc:2    | Found a staircase to the Elven Halls.
 38142 | Orc:1    | Noticed Harold
 38164 | Orc:1    | Killed Harold
 38172 | Orc:1    | Offered knowledge of Spellforged Servitor by Vehumet.
 38951 | Orc:2    | Noticed an orc warlord
 39002 | Orc:2    | Killed an orc warlord
 39003 | Orc:2    | Reached XP level 15. HP: 99/112 MP: 0/31
 39172 | Orc:2    | Found Ybas's Antique Armour Shoppe.
 39174 | Orc:2    | Found Beede's Antique Weapon Emporium.
 39318 | Orc:2    | Found Xojent's Distillery.
 39471 | Orc:2    | Bought a potion of magic for 112 gold pieces
 39471 | Orc:2    | Bought a potion of resistance for 140 gold pieces
 39567 | Orc:2    | Found Qoedd's Jewellery Shoppe.
 39583 | Orc:2    | Bought the necklace of Bloodlust {*Rage Will++ Int-3
                  | Slay+6} for 555 gold pieces
 39583 | Orc:2    | Found the necklace of Bloodlust {*Rage Will++ Int-3 Slay+6}
 40541 | D:13     | Noticed Rupert
 41027 | D:13     | Offered knowledge of Ozocubu's Refrigeration by Vehumet.
 41195 | D:14     | Found a frozen archway.
 41201 | IceCv    | Entered an ice cave
 41548 | IceCv    | Found an ancient bone altar of Kikubaaqudgha.
 41578 | IceCv    | Slain by a caustic shrike simulacrum

Illustrated notes

Levels and vault maps discovered:
D:1:      ncdulo_halloftheorcs, layout_basic, ebering_ecumenical_altar_ruins
D:2:      layout_basic, serial_shops, shop, bh_walls_and_bars
D:3:      layout_loops_ring, gup_sewer_entry_pipe
D:4:      layout_loops_ring, dk_noncrumbling_4
D:5:      layout_rooms, nicolae_overflow_crystal_walls, grunt_decor_junction,
          nicolae_shop_gadgets, uniq_grinder, uniq_crazy_yiuf_cottage
D:6:      layout_gridville, kennysheep_generic_room_8, uniq_pikel, uniq_edmund
D:7:      layout_basic, minmay_temple_entry_glass, kennysheep_boxes
D:8:      layout_basic, special_room [special_room_orc],
          gammafunk_ghost_nasty_kobolds, minmay_shop_grid_forest, minmay_holes,
          serial_bayou_pond_d, hellmonk_scale_shop, uniq_maurice
D:9:      minmay_flawed_box, layout_basic, lair_entry_dummy, hiddenorc2_lemuel,
          serial_co_window_serial, co_window_corner_a, co_window_corner_a,
          co_window_cross_1, co_window_paths_b, co_window_paths_a,
          co_window_broadway_b, co_window_paths_c, co_window_broadway_a,
          co_window_2corner, co_window_paths_d, glass_columns_a,
          glass_columns_a, enter_bailey_4
D:10:     layout_roguey
D:11:     layout_basic
D:12:     layout_stronghold, uniq_erolcha
D:13:     layout_layer_cave, uniq_rupert
D:14:     minmay_bad_star, layout_loops_corners,
          lightli_vaults_fourway_checkpoint, serial_undead, serial_undead_b,
          serial_undead_b, serial_undead_f, serial_undead_b,
          portal_ice_cave_entry_pillars_three, minmay_fountain_box
Temple:   kilobyte_greek_temple
Lair:1:   layout_chaotic_city, gauntlet_entry_generic, grunt_megastairs_5,
          lemuel_fruit_tree
Lair:2:   layout_gridlike, serial_bayou_shore_b, serial_bayou_shore_b
Lair:3:   layout_misc_corridors, wad_woods_road_03,
          nzn_masters_of_martial_movement
Lair:4:   layout_regular_city, minmay_shoals_entry_hut,
          minmay_snake_entry_guardpost_small, ebering_ghost_rock_garden,
          serial_bayou_pond_d, minmay_lair_oklob_items, serial_bayou_shore_a
Lair:5:   layout_gridlike, slime_altar_1, nzn_ghost_randoct, minivault_23,
          beast_lair_carwin_2, uniq_urug
Lair:6:   due_jungle_book, layout_loops_ring, special_room
          [special_room_mythical_zoo], uniq_kirke
Orc:1:    lemuel_ogre_cave, layout_caves, uniq_harold, uniq_josephine
Orc:2:    grunt_orc_community_town_hall, layout_caves,
          grunt_orc_community_big_house_1, grunt_orc_community_big_house_2,
          grunt_orc_community_house_2, grunt_orc_community_house_2,
          grunt_orc_community_house_3, grunt_orc_community_house_1,
          grunt_orc_community_house_3, serial_shops, nicolae_shop_hallway_plus
IceCv:    ice_cave_small_necro

Skill      XL: |  1  2  3  4  5  6  7  8  9 10 11 12 13 14 15 |
---------------+----------------------------------------------+-----
Dodging        | 2 3 4 5 6 7 8 |  8.5
Conjurations   | 5 6 7 8 9 10 11 12 | 12.9
Fighting       | 2 3 4 5 6 7 8 |  8.9
Spellcasting   | 3 5 6 7 8 9 10 11 12 | 12.6
Stealth        | 2 3 4 5 6 |  6.2
Fire Magic     | 1 2 3 4 5 6 7 8 |  8.4
Short Blades   | 1 3 4 5 6 7 |  7.9
Armour         | 1 2 4 5 |  5.8
Translocations | 2 4 5 6 |  6.2
Earth Magic    | 1 3 4 |  4.4
Throwing       | |  0.1
Unarmed Combat | |  0.9

Action                   |  1- 3 |  4- 6 |  7- 9 | 10-12 | 13-15 || total
-------------------------+-------+-------+-------+-------+-------++-------
Melee: Unarmed           |    27 |       |     7 |       |       ||    34
       Dagger            |       |    33 |    49 |   130 |    83 ||   295
       Long sword        |       |       |       |     3 |       ||     3
       Punch             |       |       |       |     2 |     2 ||     4
Throw: Throwing net      |       |       |       |     4 |     2 ||     6
 Cast: Magic Dart        |   103 |   120 |   193 |   442 |    56 ||   914
       Searing Ray       |     1 |     8 |    26 |    24 |       ||    59
       Flame Wave        |       |     2 |    22 |   130 |    99 ||   253
       Iskenderun's Myst |       |       |       |    43 |   139 ||   182
       Stone Arrow       |       |       |       |       |   232 ||   232
       Iron Shot         |       |       |       |       |    11 ||    11
Evoke: Wand              |       |       |       |     1 |     4 ||     5
  Use: Potion            |       |     5 |       |     5 |     3 ||    13
       Scroll            |       |     4 |     2 |    15 |    10 ||    31
 Stab: Paralysed         |       |       |    24 |    43 |    12 ||    79
       Sleeping          |       |       |       |       |     2 ||     2
Armor: Robe              |    14 |    19 |    30 |    35 |       ||    98
       Leather armour    |       |       |       |    41 |       ||    41
       Scale mail        |       |       |       |    52 |   244 ||   296
Dodge: Dodged            |    30 |    35 |    53 |   233 |   218 ||   569
Block: Kite shield       |       |       |       |       |    11 ||    11
